 Dungeon Crawl Stone Soup version 0.24.0-123-gd5b16e6ec5 (webtiles) character file.

Game seed: 14938135637599002264, levelgen mode: deterministic

2084 grindst0ne the Skirmisher (level 9, -9/118 HPs)
             Began as a Human Berserker on Jan 30, 2020.
             Was a Priest of Trog.
             Engulfed by a steam dragon's steam (10 damage)
             ... on level 7 of the Dungeon.
             The game lasted 00:10:40 (4593 turns).

grindst0ne the Skirmisher (Human Berserker)         Turns: 4593, Time: 00:10:41

Health: -9/118     AC: 24    Str: 21    XL:     9   Next: 51%
Magic:  9/9        EV:  2    Int:  6    God:    Trog [***...]
Gold:   322        SH:  0    Dex: 17    Spells: 8/8 levels left

rFire    . . .     SeeInvis .   z - +3 dagger (vamp)
rCold    . . .     Gourm    .   (no shield)
rNeg     + + +     Faith    .   (armour currently unavailable)
rPois    +         Spirit   .   (helmet currently unavailable)
rElec    .         Reflect  .   (cloak currently unavailable)
rCorr    .         Harm     .   (gloves currently unavailable)
MR       .....     NoTele   +   (boots currently unavailable)
Stlth    +++.......             (no amulet)
HPRegen  0.29/turn              (no ring)
MPRegen  0.11/turn              (no ring)

@: agile, tree-form
A: dopey 1, robust 1
a: Berserk, Trog's Hand, Renounce Religion


You were on level 7 of the Dungeon.
You worshipped Trog.
Trog was most pleased with you.
You were hungry.
You were a tree.
You visited 1 branch of the dungeon, and saw 7 of its levels.

You collected 322 gold pieces.

Inventory:

Hand Weapons
 b - a +0 war axe
 z - a +3 vampiric dagger (weapon)
 D - a cursed +7 halberd
Missiles
 w - 5 boomerangs (quivered)
Armour
 j - a +0 chain mail
 o - a +0 helmet (melded)
 x - a +1 scale mail of cold resistance (melded)
Wands
 q - a wand of disintegration (15)
 y - a wand of paralysis (7)
 C - a wand of digging (7)
Scrolls
 f - 2 scrolls of immolation {unknown}
 h - 2 scrolls of magic mapping {unknown}
 k - a scroll of amnesia {unknown}
 l - a scroll of blinking {unknown}
 m - a scroll of fear
 n - 4 scrolls of remove curse
 s - 3 scrolls of fog
 v - 4 scrolls of identify
 A - a scroll of random uselessness {unknown}
Potions
 a - a potion of might {unknown}
 d - 2 potions of flight
 g - 2 potions of haste
 p - a potion of berserk rage
 r - a potion of lignification
 u - a potion of brilliance {unknown}
 B - 2 potions of mutation
Comestibles
 c - 11 rations


   Skills:
 + Level 7.5 Fighting
 + Level 7.5 Axes
 - Level 2.0 Armour
 + Level 7.1 Dodging


You had 8 spell levels left.
You didn't know any spells.
Your spell library contained the following spells:

 Spells                   Type           Power        Failure   Level  Hunger
 Animate Skeleton         Necr           N/A          45%         1    ##.....
 Apportation              Tloc           #.....       45%         1    ##.....
 Confusing Touch          Hex            #.....       45%         1    ##.....
 Magic Dart               Conj           #...         45%         1    ##.....
 Summon Small Mammal      Summ           #...         45%         1    ##.....
 Blink                    Tloc           N/A          58%         2    ###....
 Call Imp                 Summ           #.......     58%         2    ###....
 Slow                     Hex            #.......     58%         2    ###....
 Conjure Flame            Conj/Fire      #.......     83%         3    ####...
 Mephitic Cloud           Conj/Pois/Air  #.......     83%         3    ####...


Dungeon Overview and Level Annotations

Branches:
Dungeon (7/15)             Temple (0/1) D:7

Altars:
Dithmenos
Hepliaklqana
Nemelex Xobeh
The Shining One


Innate Abilities, Weirdness & Mutations

You are dopey. (Int -2)
You are robust. (+10% HP)


Message History

The steam dragon bites you but does no damage.
The steam dragon claws you but does no damage.
You barely miss the steam dragon.
The steam dragon is severely wounded.
You are engulfed in a cloud of scalding steam.
The steam dragon bites you but does no damage.
The steam dragon claws you but does no damage.
You hit the steam dragon.
The steam dragon is severely wounded.
The steam dragon barely misses you.
The steam dragon claws you but does no damage.
You barely miss the steam dragon.
The steam dragon is severely wounded.
The steam dragon breathes steam at you. The ball of steam hits you!
* * * LOW HITPOINT WARNING * * *
You hit the steam dragon but do no damage.
The steam dragon is severely wounded.
You are engulfed in a cloud of scalding steam.
You die...

#.# #.# ####### #.#
#.....# #.# #.....# #.#
#.....# #.# # #.....#
#.# ##...
#.....######.#####......
#............§§♣Dl.8.8.8
#.....###....#####..⌠.⌠.
#.....# ###..# 8.>.8
#.....# #### ⌠.⌠.
#.<...# 8.8 ####### Z. .


You could see a steam dragon and an iguana.

Vanquished Creatures
  A hippogriff (D:5)
  Sigmund (D:2)
  A hungry ghost (D:7)
  An ice beast (D:7)
  3 ogres
  A centaur (D:6)
  2 bullfrogs (D:6)
  A wyvern skeleton (D:7)
  A scorpion (D:4)
  4 killer bees (D:7)
  5 wights (D:6)
  2 crimson imps
  A jelly (D:5)
  A bullfrog skeleton (D:7)
  Terence (D:2)
  An iguana (D:6)
  An orc wizard (D:5)
  7 worker ants
  Robin (D:2)
  4 adders
  4 gnolls (D:5)
  4 oozes
  3 worms
  A dart slug (D:1)
  3 leopard geckos
  20 orcs
  2 ball pythons
  2 bats
  4 giant cockroaches
  15 goblins
  9 hobgoblins
  6 jackals
  2 kobolds
  2 quokkas
  A ball python zombie (D:5)
  4 frilled lizards
  A quokka zombie (D:5)
  5 rats
128 creatures vanquished.

Notes
Turn   | Place    | Note
-------+----------+-------------------------------------------
     0 | D:1      | grindst0ne the Human Berserker began the quest for the Orb.
     0 | D:1      | Reached XP level 1. HP: 18/18 MP: 1/1
   126 | D:1      | Reached XP level 2. HP: 18/24 MP: 2/2
   557 | D:1      | Reached XP level 3. HP: 20/29 MP: 3/3
   627 | D:1      | Found a sparkling altar of Nemelex Xobeh.
   918 | D:2      | Noticed Robin
   935 | D:2      | Killed Robin
   935 | D:2      | Reached XP level 4. HP: 28/36 MP: 4/4
   959 | D:2      | Reached ** piety under Trog
  1189 | D:2      | Noticed Terence
  1196 | D:2      | Killed Terence
  1196 | D:2      | Reached XP level 5. HP: 42/42 MP: 5/5
  1412 | D:2      | Noticed Sigmund
  1422 | D:2      | Killed Sigmund
  1422 | D:2      | Reached XP level 6. HP: 49/49 MP: 6/6
  1607 | D:2      | Found a shadowy altar of Dithmenos.
  2224 | D:4      | Reached XP level 7. HP: 54/55 MP: 7/7
  2412 | D:4      | Reached skill level 5 in Fighting
  2412 | D:4      | Reached skill level 5 in Axes
  2760 | D:5      | Entered Level 5 of the Dungeon
  2980 | D:5      | Found a hazy altar of Hepliaklqana.
  3111 | D:5      | Reached skill level 5 in Dodging
  3111 | D:5      | Reached XP level 8. HP: 27/63 MP: 8/8
  3467 | D:5      | Noticed a hippogriff
  3480 | D:5      | Killed a hippogriff
  3480 | D:5      | Reached *** piety under Trog
  4164 | D:6      | Found a glowing golden altar of the Shining One.
  4176 | D:6      | Reached XP level 9. HP: 63/71 MP: 9/9
  4418 | D:7      | Paralysed by fainting for 8 turns
  4523 | D:7      | Found a staircase to the Ecumenical Temple.
  4574 | D:7      | Gained mutation: You are dopey. (Int -2) [potion of
                  | mutation]
  4574 | D:7      | Gained mutation: You are robust. (+10% HP) [potion of
                  | mutation]
  4592 | D:7      | HP: 1/118 [steam dragon/ball of steam (17)]
  4593 | D:7      | Engulfed by a steam dragon's steam

Levels and vault maps discovered:
D:1:      minmay_arrival_hallway, layout_loops_ring,
          nemelex_xobeh_ov_fountains_minmay
D:2:      layout_loops_ring, hangedman_decor_points,
          nicolae_dithmenos_through_a_glass_darkly, uniq_sigmund, uniq_terence,
          uniq_robin
D:3:      layout_basic, minmay_unequal
D:4:      layout_loops_ring
D:5:      layout_rooms, kennysheep_mini, first_ration, minmay_manual_monstrance
D:6:      layout_gridville, nicolae_tso_swordbearing_angel
D:7:      layout_rooms, minmay_temple_entry_statues_fountains, grunt_livestock

Skill      XL: |  1  2  3  4  5  6  7  8  9 |
---------------+----------------------------+-----
Dodging        | 3 4 5 6 7 |  7.1
Fighting       | 4 5 6 7 |  7.5
Axes           | 4 5 6 7 |  7.5
Armour         | |  2.0

Action                   |  1- 3 |  4- 6 |  7- 9 || total
-------------------------+-------+-------+-------++-------
Melee: Hand axe          |    78 |       |       ||    78
       Dagger            |    23 |   110 |   352 ||   485
Invok: Berserk           |     1 |     2 |    11 ||    14
Evoke: Wand              |       |       |     5 ||     5
  Use: Scroll            |     2 |     5 |       ||     7
       Potion            |       |       |     7 ||     7
  Eat: Chunk             |       |     7 |    24 ||    31
Armor: Animal skin       |     2 |       |       ||     2
       Leather armour    |    14 |       |       ||    14
       Ring mail         |     4 |    28 |     2 ||    34
       Scale mail        |       |       |   119 ||   119
       Skin              |       |       |    42 ||    42
Dodge: Dodged            |    58 |    58 |   209 ||   325
